 Dungeon Crawl Stone Soup version 0.20.0-15-g7f486f2 (webtiles) character file.

2411 Naow the Firebug (level 9, 0/51 HPs)
             Began as an Octopode Fire Elementalist on June 16, 2017.
             Was an Initiate of Vehumet.
             Slain by a centaur (6 damage)
             ... on level 8 of the Dungeon.
             The game lasted 00:12:56 (10315 turns).

Naow the Firebug (Octopode Fire Elementalist)      Turns: 10315, Time: 00:12:57

Health: 0/51       AC:  2    Str:  8    XL:     9   Next: 47%
Magic:  6/19       EV: 13    Int: 20    God:    Vehumet [......]
Gold:   282        SH:  0    Dex: 12    Spells: 11/21 levels left

rFire    . . .     SeeInvis .   j - -2 dagger (curse)
rCold    . . .     Gourm    .   (no shield)
rNeg     . . .     Faith    .   (helmet restricted)
rPois    .         Spirit   .   (no amulet)
rElec    .         Reflect  .   q - +1 ring of protection
rCorr    +         Harm     .   y - ring of resist corrosion
MR       .....                  z - ring of flight
Stlth    +++.......             (no ring)
Regen    0.2/turn               (no ring)
MPRegen  0.2/turn               (no ring)
                                (no ring)
                                (no ring)

@: lethally poisoned (0 -> -23), slowed, very slow
A: almost no armour, stealthy swim, amphibious, 8 rings, constrict 8, camouflage
1, gelatinous body 1
a: Renounce Religion, Evoke Flight


You were on level 8 of the Dungeon.
You worshipped Vehumet.
Vehumet was noncommittal.
You were hungry.

You visited 2 branches of the dungeon, and saw 9 of its levels.

You collected 282 gold pieces.

Inventory:

Hand Weapons
 j - a cursed -2 dagger (weapon)
Jewellery
 q - a +1 ring of protection (left tentacle)
 y - a ring of resist corrosion (right tentacle)
 z - a ring of flight (on tentacle)
Wands
 l - a wand of polymorph (6/24)
 o - a wand of acid (10/15)
Scrolls
 c - 10 scrolls of identify {unknown}
 d - 9 scrolls of remove curse {unknown}
 e - 2 scrolls of blinking {unknown}
 g - a scroll of enchant armour {unknown}
 i - a scroll of teleportation {unknown}
 m - 4 scrolls of immolation {unknown}
 r - 4 scrolls of magic mapping {unknown}
 x - a scroll of random uselessness {unknown}
 B - a scroll of summoning {unknown}
Potions
 f - a potion of heal wounds {unknown}
 h - a potion of flight {unknown}
 k - a potion of ambrosia {unknown}
 p - a potion of haste {unknown}
 s - a potion of agility {unknown}
 u - a potion of lignification {unknown}
 v - a potion of curing {unknown}
 w - a potion of brilliance {unknown}
 A - a potion of magic {unknown}
 F - a potion of resistance {unknown}
Books
 a - a book of Flames

   Spells                             Type                      Level
   a - Flame Tongue                   Conjuration/Fire             1
   b - Throw Flame                    Conjuration/Fire             2
   c - Conjure Flame                  Conjuration/Fire             3
   d - Inner Flame                    Hexes/Fire                   3
   e - Sticky Flame                   Conjuration/Fire             4
   f - Fireball                       Conjuration/Fire             5
 t - a book of Cantrips

   Spells                             Type                      Level
   a - Confusing Touch                Hexes                        1
   b - Animate Skeleton               Necromancy                   1
   c - Summon Small Mammal            Summoning                    1
   d - Apportation                    Translocation                1
 C - a book of Spatial Translocations

   Spells                             Type                      Level
   a - Blink                          Translocation                2
   b - Shroud of Golubria             Charms/Translocation         2
   c - Lesser Beckoning               Translocation                3
   d - Gell's Gravitas                Translocation                3
   e - Teleport Other                 Translocation                3
   f - Passage of Golubria            Translocation                4
Comestibles
 b - 2 bread rations
 n - 3 royal jellies
 D - a meat ration
 E - 3 chunks of flesh


   Skills:
 - Level 2.0 Dodging
 - Level 2.6 Stealth
 + Level 6.8 Spellcasting
 + Level 7.2 Conjurations
 + Level 7.8 Fire Magic


You had 11 spell levels left.
You knew the following spells:

 Your Spells              Type           Power        Failure   Level  Hunger
a - Flame Tongue          Conj/Fire      #####        1%          1    None
b - Throw Flame           Conj/Fire      #####.       1%          2    None
c - Conjure Flame         Conj/Fire      #####...     1%          3    #......
d - Sticky Flame          Conj/Fire      #####...     4%          4    ###....


Dungeon Overview and Level Annotations

Branches:
Dungeon (8/15)             Temple (1/1) D:6
   Lair: D:8-11

Altars:
Elyvilon
Fedhas
Gozag
Hepliaklqana
Okawaru
Qazlal
Ru
Sif Muna
Trog
Uskayaw
Vehumet
Yredelemnul
Zin

Shops:
D:4 =   D:6 *   D:7 (


Innate Abilities, Weirdness & Mutations

You cannot wear most types of armour.
You are very stealthy in the water. (Stealth+)
You are amphibious.
You can wear up to eight rings at the same time.
You can use your tentacles to constrict eight enemies at once.
Your skin changes colour to match your surroundings (Stealth+).
Your rubbery body absorbs attacks. (AC +1, EV +1)


Message History

You are more poisoned.
You feel as though you will be slow longer.
The hornet stings you!
You are lethally poisoned!
You feel as though you will be slow longer.
The centaur hits you!
* * * LOW HITPOINT WARNING * * *
Casting: Flame Tongue
Confirm with . or Enter, or press ? or * to list all spells.
Aiming: Sticky Flame
Press: ? - help, Shift-Dir - straight line, f/p - hornet
Aim: a hornet (almost dead, covered in liquid flames)
The sticky flame hits the hornet.
You kill the hornet!
Vehumet accepts your kill.
You are feeling hungry.
* * * LOW HITPOINT WARNING * * *
You feel very sick. The centaur barely misses you. The centaur hits you.
You die...

........)...#.# .#
...........##.# .
..............#.#...
.............#.#...
.................. .
##.##...............
... ##...#...#.##...
.####......#.....†.
#........@..#..#.
.......######..c...##
....#.# ###....# ...
#. ........#.?# . .
.#########.... .#
[###.. .. . .. ##


You could see a centaur.

Vanquished Creatures
  Pikel (D:6)
  A hornet (D:8)
  Grinder (D:3)
  Duvessa (D:7)
  An orc warrior (D:8)
  2 black bears
  A phantom (D:7)
  2 ice beasts
  A centaur (D:5)
  Dowan (D:7)
  A quasit (D:6)
  2 jellies (D:7)
  Crazy Yiuf (D:2)
  4 hounds
  An orc wizard (D:3)
  3 orc priests
  A bullfrog skeleton (D:4)
  Natasha (thrice) (D:2)
  Ijyb (D:3)
  Terence (D:2)
  3 worker ants
  An iguana (D:5)
  4 gnolls
  9 adders
  A shadow imp (D:6)
  2 oozes (D:2)
  An adder zombie (D:7)
  3 worms
  4 dart slugs
  A leopard gecko (D:7)
  16 orcs
  2 giant cockroaches
  5 goblins
  3 hobgoblins
  9 jackals
  4 kobolds
  4 quokkas
  2 ball pythons
  6 bats
  7 frilled lizards
  5 rats
122 creatures vanquished.

Vanquished Creatures (others)
  2 slaves (D:6)
  A gnoll sergeant (D:6)
  A crimson imp (D:6)
  A worker ant (D:6)
  2 gnolls (D:6)
  4 orcs (D:6)
  2 quokka skeletons (D:6)
  A fungus (D:2)
14 creatures vanquished.

Grand Total: 136 creatures vanquished

Notes
Turn   | Place    | Note
-------+----------+-------------------------------------------
     0 | D:1      | Naow the Octopode Fire Elementalist began the quest for the Orb.
     0 | D:1      | Reached XP level 1. HP: 11/11 MP: 3/3
   577 | D:1      | Reached XP level 2. HP: 17/17 MP: 3/5
  1339 | D:2      | Reached XP level 3. HP: 13/21 MP: 1/6
  1763 | D:2      | Found a runed door.
  2429 | D:1      | Reached XP level 4. HP: 27/27 MP: 3/8
  2475 | D:1      | Learned a level 2 spell: Throw Flame
  2479 | D:1      | Learned a level 3 spell: Conjure Flame
  3086 | D:2      | Noticed Natasha
  3094 | D:2      | Killed Natasha
  3395 | D:2      | Reached XP level 5. HP: 30/31 MP: 4/9
  3445 | D:2      | Noticed Terence
  3640 | D:2      | Killed Terence
  3758 | D:2      | Noticed Natasha
  3763 | D:2      | Killed Natasha
  3887 | D:2      | Noticed Crazy Yiuf
  3892 | D:2      | Killed Crazy Yiuf
  3993 | D:3      | Noticed an orc warrior
  4188 | D:3      | Noticed Grinder
  4210 | D:3      | Killed Grinder
  4210 | D:3      | Reached XP level 6. HP: 20/36 MP: 3/12
  4392 | D:3      | Learned a level 4 spell: Sticky Flame
  4500 | D:3      | Reached XP level 7. HP: 41/41 MP: 8/13
  4889 | D:2      | Reached skill level 5 in Fire Magic
  4892 | D:2      | Noticed Natasha
  4897 | D:2      | Killed Natasha
  5312 | D:3      | HP: 1/41 [orc priest/divine providence (12)]
  5630 | D:3      | Noticed Ijyb
  5640 | D:3      | Killed Ijyb
  6432 | D:4      | Found Doqasheh's Jewellery Boutique.
  7007 | D:5      | Entered Level 5 of the Dungeon
  7380 | D:5      | Reached skill level 5 in Spellcasting
  7380 | D:5      | Reached skill level 5 in Conjurations
  7380 | D:5      | Reached XP level 8. HP: 46/46 MP: 5/15
  7759 | D:6      | Noticed Pikel
  7767 | D:6      | Killed Pikel
  7793 | D:6      | Found a staircase to the Ecumenical Temple.
  8007 | Temple   | Entered the Ecumenical Temple
  8077 | Temple   | Became a worshipper of Vehumet
  8644 | D:6      | Found Gozag's Platinum Reserve.
  8647 | D:6      | Found an opulent altar of Gozag.
  9097 | D:7      | Found Xixecox's Antique Weapon Boutique.
  9217 | D:7      | Reached XP level 9. HP: 51/51 MP: 13/18
  9366 | D:7      | Found a white marble altar of Elyvilon.
  9368 | D:7      | Found a bloodstained altar of Trog.
  9368 | D:7      | Found a stormy altar of Qazlal.
  9449 | D:7      | Found a hazy altar of Hepliaklqana.
  9621 | D:7      | Noticed Duvessa
  9624 | D:7      | Noticed Dowan
  9627 | D:7      | Killed Duvessa
  9639 | D:7      | Killed Dowan
 10309 | D:8      | Noticed a hornet
 10315 | D:8      | Killed a hornet
 10315 | D:8      | Slain by a centaur

Skill      XL: |  1  2  3  4  5  6  7  8  9 |
---------------+----------------------------+-----
Conjurations   | 2 4 5 6 7 |  7.2
Spellcasting   | 3 4 5 6 |  6.8
Fire Magic     | 4 5 7 |  7.8
Dodging        | |  2.0
Stealth        | |  2.6

Action                   |  1- 3 |  4- 6 |  7- 9 || total
-------------------------+-------+-------+-------++-------
Melee: Unarmed           |    20 |       |       ||    20
       Constrict         |     7 |       |     5 ||    12
       Tentacles         |     2 |       |     4 ||     6
       Dagger            |     2 |       |    14 ||    16
 Cast: Flame Tongue      |    59 |    56 |   200 ||   315
       Throw Flame       |       |    14 |    25 ||    39
       Conjure Flame     |       |     5 |     6 ||    11
       Sticky Flame      |       |       |    12 ||    12
  Eat: Chunk             |     5 |     1 |    15 ||    21
       Royal jelly       |       |     1 |       ||     1
       Bread ration      |       |     1 |     1 ||     2
Armor: Skin              |     6 |       |     6 ||    12
Dodge: Dodged            |    35 |    10 |    60 ||   105
